 Dungeon Crawl Stone Soup version 0.27.0-1-g7a089689b8 (webtiles) character file.

Game seed: 12699465591331280808

1947 Ijustatesigmund the Cleaver (level 9, -12/81 HPs)
             Began as a Hill Orc Fighter on Aug 11, 2021.
             Was an Initiate of Okawaru.
             Killed from afar by a gargoyle (20 damage)
             ... with a stone arrow
             ... on level 7 of the Dungeon.
             The game lasted 00:11:08 (8102 turns).

Ijustatesigmund the Cleaver (Hill Orc Fighter)      Turns: 8102, Time: 00:11:09

Health: -12/81     AC: 14    Str: 25    XL:     9   Next: 18%
Magic:  10/10      EV:  8    Int:  9    God:    Okawaru [......]
Gold:   334        SH: 10    Dex: 12    Spells: 8/8 levels left

rFire    . . .     SeeInvis .   a - +1 war axe (freeze)
rCold    . . .     Faith    .   c - +0 kite shield
rNeg     . . .     Spirit   .   b - +0 scale mail
rPois    .         Reflect  .   k - +1 helmet
rElec    .         Harm     .   (no cloak)
rCorr    .         Rampage  .   g - +1 pair of gloves
Will     +....                  f - +1 pair of boots
Stlth    ..........             (no amulet)
HPRegen  0.23/turn              j - ring of willpower
MPRegen  0.12/turn              p - +6 ring of strength

@: about to teleport
A: no striking features
a: Renounce Religion


You were on level 7 of the Dungeon.
You worshipped Okawaru.
Okawaru was noncommittal.
You visited 2 branches of the dungeon, and saw 8 of its levels.
You also visited: Sewer.

You collected 334 gold pieces.

Inventory:

Hand Weapons
 a - a +1 war axe of freezing (weapon)
 s - a +0 morningstar
Missiles
 w - a throwing net (quivered)
Armour
 b - a +0 scale mail (worn)
 c - a +0 kite shield (worn)
 f - a +1 pair of boots (worn)
 g - a +1 pair of gloves (worn)
 k - a +1 helmet (worn)
Jewellery
 e - an amulet of magic regeneration
 j - a ring of willpower (left hand)
 p - a +6 ring of strength (right hand)
Scrolls
 m - 2 scrolls of brand weapon
 o - 2 scrolls of immolation
 u - a scroll of fog
Potions
 h - a potion of haste
 i - a potion of curing
 l - 3 potions of flight
 r - a potion of mutation
 t - a potion of attraction
 v - a potion of invisibility
 x - a potion of lignification


   Skills:
 + Level 7.8 Fighting
 + Level 10.8 Axes
 + Level 5.6 Armour
 + Level 5.6 Shields
 + Level 1.5 Invocations


You had 8 spell levels left.
You didn't know any spells.
Your spell library contained the following spells:

 Spells                   Type           Power      Damage    Failure   Level
 Ensorcelled Hibernation  Hex/Ice        0%         N/A       99%         2
 Static Discharge         Conj/Air       0%         N/A       99%         2
 Ignite Poison            Fire/Tmut/Pois 0%         N/A       100%        3
 Mephitic Cloud           Conj/Pois/Air  0%         N/A       100%        3
 Spider Form              Tmut/Pois      0%         N/A       100%        3
 Bolt of Magma            Conj/Fire/Erth 0%         4d4       100%        5
 Lightning Bolt           Conj/Air       0%         1d11      100%        5
 Shadow Creatures         Summ           N/A        N/A       100%        6
 Maxwell's Capacitive Co  Air            0%         ∞         100%        8


Dungeon Overview and Level Annotations

Branches:
Dungeon (7/15)             Temple (1/1) D:6           Sewer (visited)

Altars:
Ashenzari
Cheibriados
Dithmenos
Fedhas
Gozag
Hepliaklqana
Kikubaaqudgha
Makhleb
Okawaru
Qazlal
Ru
Sif Muna
Trog
Uskayaw
Vehumet
Wu Jian
Yredelemnul
Zin
The Shining One


Message History

You are too injured to fight recklessly!
You are too injured to fight recklessly!
You are too injured to fight recklessly!
You are too injured to fight recklessly!
Okay, then.
You barely miss the orc priest. You hit the gargoyle but do no damage.
You barely miss the orc. The orc priest completely misses you.
The gargoyle hurls a stone arrow at you.
The stone arrow hits you. The orc closely misses you.
The orc barely misses you.
You hit the orc priest. You freeze the orc priest.
The orc priest is moderately wounded.
You hit the orc but do no damage. You hit the gargoyle but do no damage.
You hit the orc. You freeze the orc.
You kill the orc!
Okawaru accepts your kill.
The orc priest hits you but does no damage.
The gargoyle hits you with a +0 flail. The orc hits you but does no damage.
The orc priest shouts, "Surrender to Beogh and we'll let you live!"
You slash the orc priest! You freeze the orc priest.
The orc priest is almost dead.
You barely miss the orc. You hit the gargoyle but do no damage.
The orc priest barely misses you.
The gargoyle hurls a stone arrow at you.
The stone arrow hits you!
* * * LOW HITPOINT WARNING * * *
The orc closely misses you.
As you read the scroll of fear, it crumbles to dust.
You assume a fearsome visage.
The gargoyle is unaffected.
The orc priest looks frightened!
The orc looks frightened!
The howler monkey looks frightened!
The gargoyle hurls a stone arrow at you.
The stone arrow hits you!!
* * * LOW HITPOINT WARNING * * *
You feel better. You block the gargoyle's attack.
As you read the scroll of teleportation, it crumbles to dust.
You feel strangely unstable.
The gargoyle hurls a stone arrow at you.
The stone arrow hits you!!
You die...

..(..........#.# #.#
##.#......
.#.#.####.##...# #.#
#..##†### .#.#.#
#.##...# #.# #..##.#
.#.#.. ...h...# #.#
#..##.# .#..... ..##..##
#.# #..##[# ###.##
..##>..# ###.####..##.#
.# #.#
..^##....##........>...#
.#
.....#......####..####
## #...##.@).........#
##.###9...#.#######
##.##.###o#.#
W#.#.###..#.#
##.####.o##.#
..⌠.....###.# ##.####..
..# D#.#u###[ ###


You could see a six-headed hydra, a green ugly thing, a gargoyle, a shadow, a
howler monkey (fleeing), an orc priest (fleeing) and an orc (fleeing).

Vanquished Creatures
  3 ice beasts
  A black bear (D:7)
  3 ogres
  2 necrophages
  A phantom (D:5)
  Blork the orc (D:4)
  A water moccasin zombie (D:4)
  A scorpion (D:5)
  A water moccasin skeleton (D:5)
  3 hounds
  3 centaur zombies
  3 orc priests (D:4)
  A centaur skeleton (D:4)
  A bullfrog skeleton (D:5)
  Jessica (D:2)
  4 orc wizards
  A scorpion zombie (D:4)
  A hound zombie (D:5)
  A mummy (D:4)
  4 gnolls (D:6)
  9 adders
  A shadow imp (D:7)
  An ufetubus (D:4)
  An adder skeleton (D:4)
  8 worms
  2 dart slugs
  21 orcs
  9 bats
  10 endoplasms
  8 giant cockroaches
  7 goblins
  7 hobgoblins
  26 jackals
  5 kobolds
  11 quokkas
  16 ball pythons
  5 frilled lizards
  2 hobgoblin zombies (D:4)
  2 orc zombies (D:4)
  5 rats
193 creatures vanquished.

Vanquished Creatures (others)
  5 plants
5 creatures vanquished.

Grand Total: 198 creatures vanquished

Notes
Turn   | Place    | Note
-------+----------+-------------------------------------------
     0 | D:1      | Ijustatesigmund the Hill Orc Fighter began the quest for
                  | the Orb.
     0 | D:1      | Reached XP level 1. HP: 19/19 MP: 1/1
    17 | D:1      | Reached skill level 3 in Axes
    70 | D:1      | Reached XP level 2. HP: 25/26 MP: 2/2
   191 | D:1      | You fall into a shaft and drop 1 floor!
   199 | D:1      | Reached skill level 4 in Axes
   420 | D:1      | Reached XP level 3. HP: 31/31 MP: 3/3
   770 | D:2      | Reached skill level 5 in Axes
   978 | D:2      | Noticed Jessica
   986 | D:2      | Killed Jessica
   987 | D:2      | Reached skill level 6 in Axes
   987 | D:2      | Reached XP level 4. HP: 6/39 MP: 4/4
  1602 | D:2      | Found a faded altar of an unknown god.
  1609 | D:2      | Reached XP level 5. HP: 45/45 MP: 5/5
  1839 | D:2      | Reached skill level 7 in Axes
  2954 | D:4      | Reached skill level 8 in Axes
  2954 | D:4      | Reached XP level 6. HP: 16/51 MP: 6/6
  3256 | D:4      | Reached skill level 9 in Axes
  3378 | D:4      | Reached XP level 7. HP: 32/58 MP: 7/7
  3761 | D:4      | Noticed Blork the orc
  3775 | D:4      | Killed Blork the orc
  4165 | D:4      | Reached skill level 5 in Fighting
  4835 | D:5      | Entered Level 5 of the Dungeon
  4863 | D:5      | Found a glowing drain.
  4897 | Sewer    | Entered a sewer
  5209 | Sewer    | Reached XP level 8. HP: 68/68 MP: 8/8
  5448 | D:5      | Found a glowing silver altar of Zin.
  5504 | D:5      | Reached skill level 10 in Axes
  6489 | D:5      | Reached skill level 5 in Armour
  6489 | D:5      | Reached skill level 5 in Shields
  7340 | D:6      | Reached XP level 9. HP: 54/79 MP: 9/9
  7491 | D:6      | Found a staircase to the Ecumenical Temple.
  7825 | Temple   | Entered the Ecumenical Temple
  7837 | Temple   | Became a worshipper of Warmaster Okawaru
  7963 | D:7      | Reached skill level 1 in Invocations
  8088 | D:7      | Noticed a gargoyle
  8089 | D:7      | Noticed a green ugly thing
  8092 | D:7      | Noticed a six-headed hydra
  8100 | D:7      | HP: 2/81 [gargoyle/stone arrow (22)]
  8102 | D:7      | Killed from afar by a gargoyle

Illustrated notes

Levels and vault maps discovered:
D:1:      giann_bridges, layout_rooms, kennysheep_boxes
D:2:      layout_loops_ring, chequers_ecumenical_altar_simple, uniq_jessica
D:3:      layout_rooms, serial_bayou, serial_bayou_pond_d,
          serial_bayou_lagoon_a, serial_bayou_shore_a, serial_bayou_lake_a,
          minmay_crystal_room
D:4:      layout_basic, dk_noncrumbling_4, minmay_mini_ossuary,
          uniq_blork_the_orc
D:5:      layout_loops_corners, zin_academy, gup_sewer_entry_pipe,
          kennysheep_generic_room_2
D:6:      layout_basic, minmay_temple_entry_glass,
          chequers_serial_rivers_large_b, minmay_misc_feat_chi
D:7:      layout_loops_ring, kb_rosetta
Temple:   nicolae_temple_no_exploring_needed

Skill      XL: |  1  2  3  4  5  6  7  8  9 |
---------------+----------------------------+-----
Axes           | 3 4 6 8 9 10 | 10.8
Fighting       | 5 7 |  7.8
Armour         | 4 5 |  5.6
Shields        | 4 5 |  5.6
Invocations    | 1 |  1.5

Action                   |  1- 3 |  4- 6 |  7- 9 || total
-------------------------+-------+-------+-------++-------
Melee: War axe           |    79 |   181 |   317 ||   577
  Use: Potion            |     1 |     1 |     2 ||     4
       Scroll            |       |       |    18 ||    18
Armor: Scale mail        |    69 |    95 |   138 ||   302
Dodge: Dodged            |    28 |    56 |    90 ||   174
Block: Kite shield       |    55 |    70 |   172 ||   297
